 Dungeon Crawl Stone Soup version 0.28.0-53-g5a82cb258f (webtiles) character file.

Game seed: 3343098473660880887

88 safid the Digger (level 4, 0/26 HPs)
             Began as a Gargoyle Earth Elementalist on Sept 6, 2022.
             Slain by a goblin
             ... wielding a +0 dagger
             ... led by Robin
              (1 damage)
             ... on level 2 of the Dungeon.
             The game lasted 00:03:09 (2418 turns).

safid the Digger (Gargoyle Earth Elementalist)      Turns: 2418, Time: 00:03:09

Health: 0/26       AC:  6    Str: 12    XL:     4   Next: 53%
Magic:  1/8        EV: 12    Int: 17    God:
Gold:   144        SH:  0    Dex: 10    Spells: 7/8 levels left

rFire   . . .      SeeInvis .   j - +0 rapier
rCold   . . .      Faith    .   (no shield)
rNeg    + . .      Spirit   .   b - +0 robe
rPois   ∞          Reflect  .   f - +0 helmet
rElec   +          Harm     .   (no cloak)
rCorr   .          Rampage  .   (no gloves)
Will    .....                   (no boots)
Stlth   ++........              (no amulet)
HPRegen 0.08/turn               (no ring)
MPRegen 0.11/turn               (no ring)

@: no status effects
A: sickness immunity, AC +3, negative energy resistance 1, electricity
resistance, torment resistance 1, petrification resistance
a: no special abilities


You were on level 2 of the Dungeon.
You visited 1 branch of the dungeon, and saw 4 of its levels.

You collected 144 gold pieces.

Inventory:

Hand Weapons
 j - a +0 rapier (weapon)
Missiles
 c - 43 stones
Armour
 b - a +0 robe (worn)
 f - a +0 helmet (worn)
Jewellery
 k - an amulet of reflection
Scrolls
 g - a scroll of vulnerability {unknown}
 h - a scroll of acquirement {unknown}
 i - 3 scrolls of identify {unknown}
 l - a scroll of blinking {unknown}
Potions
 a - a potion of ambrosia {unknown}
 d - a potion of might {unknown}
 e - a potion of resistance {unknown}
 m - a potion of curing {unknown}


   Skills:
 + Level 2.2 Fighting
 - Level 2.0 Dodging
 - Level 2.1 Stealth
 + Level 2.8 Spellcasting
 - Level 0.7 Transmutations
 + Level 4.5 Earth Magic


You had 7 spell levels left.
You knew the following spells:

 Your Spells              Type           Power      Damage    Failure   Level
a - Sandblast             Erth           34%        2d9       2%          1

Your spell library contained the following spells:

 Spells                   Type           Power      Damage    Failure   Level
 Passwall                 Tmut/Erth      9%         N/A       10%         2
 Magic Dart               Conj           8%         1d3       19%         1
 Stone Arrow              Conj/Erth      20%        3d8       22%         3
 Call Imp                 Summ           2%         N/A       26%         2
 Gell's Gravitas          Tloc           2%         N/A       47%         3
 Mephitic Cloud           Conj/Pois/Air  2%         N/A       47%         3
 Teleport Other           Tloc           2%         N/A       47%         3
 Petrify                  Tmut/Erth      11%        N/A       52%         4
 Dispersal                Tloc           1%         N/A       100%        6


Dungeon Overview and Level Annotations

Branches:
Dungeon (4/15)
 Temple: D:4-7

Altars:

Shops:
D:1 [

Annotations:
D:2 Robin


Innate Abilities, Weirdness & Mutations

You are immune to sickness and miasma.
Your stone body is resilient. (AC +3)
You are immune to poison.
You resist negative energy. (rN+)
You are resistant to electric shocks. (rElec)
You are resistant to unholy torment.
You are immune to petrification.


Message History

The goblin hits you with a +0 club.
* * * LOW HITPOINT WARNING * * *
The goblin closely misses you.
You are too injured to fight recklessly!
Unknown command.
You hit the goblin but do no damage. The goblin closely misses you.
The goblin hits you with a +0 dagger.
* * * LOW HITPOINT WARNING * * *
Unknown command.
You hit the goblin.
The goblin is severely wounded.
Robin closely misses you. The goblin hits you but does no damage.
The goblin closely misses you.
Unknown command.
You hit the goblin but do no damage.
The goblin is severely wounded.
The goblin no longer looks unusually strong.
The goblin misses you. The goblin hits you with a +0 dagger.
* * * LOW HITPOINT WARNING * * *
Unknown command.
You closely miss the goblin.
The goblin is severely wounded.
Robin roars a battlecry!
The goblins go into a battle-frenzy!
The goblin closely misses you. x2
Unknown command.
You hit the goblin.
You kill the goblin!
The goblin no longer looks unusually strong.
The goblin hits you with a +0 club.
* * * LOW HITPOINT WARNING * * *
Robin completely misses you. The goblin closely misses you.
Robin roars a battlecry!
The goblin goes into a battle-frenzy!
A goblin comes into view. It is wielding a +0 club.
Things that are here:
a +0 dagger; a +0 chain mail; a goblin corpse Robin throws the goblin at you!
The goblin hits you with a +0 dagger.
You die...

.........................#
.#.#########.........#...#
.# # ##.........#...#
.....# ##..........#####
......# ............#
.........###.........#
........ #.........#
.......# #.........#
#.?...## ##..g@...##
...... ##.....## ###g###
#)# #g# #.g ##gg g.. ....


You could see Robin and 5 goblins.

Vanquished Creatures
  3 adders
  An adder skeleton (D:4)
  A worm (D:2)
  2 dart slugs
  An orc (D:2)
  3 endoplasms
  A giant cockroach (D:1)
  6 goblins
  8 hobgoblins
  4 jackals (D:1)
  2 quokkas (D:1)
  2 ball pythons (D:1)
  2 bats (D:1)
  7 frilled lizards
  3 kobolds
  A rat (D:1)
47 creatures vanquished.

Vanquished Creatures (others)
  5 plants (D:1)
5 creatures vanquished.

Grand Total: 52 creatures vanquished

Notes
Turn   | Place    | Note
-------+----------+-------------------------------------------
     0 | D:1      | safid the Gargoyle Earth Elementalist began the quest for
                  | the Orb.
     0 | D:1      | Reached XP level 1. HP: 10/10 MP: 3/3
    45 | D:1      | Found Guw Kyez's Antique Armour Emporium.
   292 | D:1      | Reached XP level 2. HP: 10/16 MP: 3/5
   624 | D:1      | Reached skill level 1 in Fighting
   967 | D:1      | Reached skill level 4 in Earth Magic
  1049 | D:1      | Reached XP level 3. HP: 20/20 MP: 6/6
  1425 | D:2      | Found a faded altar of an unknown god.
  1768 | D:2      | You fall into a shaft and drop 2 floors!
  2016 | D:2      | Reached XP level 4. HP: 7/26 MP: 2/7
  2396 | D:2      | Noticed Robin
  2413 | D:2      | HP: 1/26 [goblin/+0 dagger[Robin] (1)]
  2418 | D:2      | Slain by a goblin

Illustrated notes

Levels and vault maps discovered:
D:1:      wander_arrival_fairy_ring, layout_basic, serial_shops, shop,
          serial_forest, infiniplex_forest_corner_1,
          infiniplex_forest_lined_3_way, infiniplex_forest_clump_diagonal,
          infiniplex_forest_lined_2, minmay_misc_feat_plants
D:2:      layout_rooms, basic_ecumenical_altar, uniq_robin
D:3:      layout_rooms, grunt_gozag_statues, serial_park_tiny_pond, uniq_grinder
D:4:      layout_layer_cave, mainiacjoe_overflow_alcove_4, temple_green

Skill      XL: |  1  2  3 |
---------------+----------+-----
Fighting       | 1 2 |  2.2
Earth Magic    | 4 |  4.5
Dodging        | 2 |  2.0
Stealth        | |  2.1
Spellcasting   | |  2.8
Transmutations | |  0.7

Action                   |  1- 3 |  4- 6 || total
-------------------------+-------+-------++-------
Melee: Unarmed           |     9 |       ||     9
       Mace              |    46 |       ||    46
       Rapier            |    54 |    21 ||    75
 Cast: Sandblast         |    17 |     9 ||    26
 Stab: Sleeping          |     2 |     1 ||     3
Armor: Robe              |    49 |     8 ||    57
Dodge: Dodged            |    94 |    33 ||   127
